 Dungeon Crawl Stone Soup version 0.17-a0-1798-g879a7aa (webtiles) character file.

24 ololoev the Poker (level 2, -4/24 HPs)
             Began as a Draconian Skald on Sept 10, 2015.
             Killed from afar by Natasha (7 damage)
             ... with a magic dart
             ... on level 2 of the Dungeon.
             The game lasted 00:01:42 (995 turns).

ololoev the Poker (Draconian Skald)                  Turns: 995, Time: 00:01:42

Health: -4/24      AC:  3    Str: 14    XL:     2   Next: 79%
Magic:  0/5        EV: 11    Int: 12    God:
Gold:   31         SH:  0    Dex: 10    Spells: 2 memorised, 3 levels left

rFire  . . .     SeeInvis .     a - +0 spear
rCold  . . .     Clarity  .     (armour unavailable)
rNeg   . . .     SustAt   .     (no shield)
rPois  .         Gourm    .     (helmet restricted)
rElec  .         Spirit   .     (no cloak)
rCorr  .         Warding  .     (no gloves)
rMut   .         Stasis   .     d - -2 pair of boots
MR     .....                    (no amulet)
Stlth  +.........               (no ring)
                                (no ring)

@: infused (expiring), singing, not resistant to hostile enchantments, very
unstealthy
A: unfitting armour, cold-blooded, AC +4
a: Stop Singing


Innate Abilities, Weirdness & Mutations

Your plain brown scales are hard (AC +4).
Your body does not fit into most forms of armour.
You are cold-blooded and may be slowed by cold attacks.

Inventory:

Hand weapons
 a - a +0 spear (weapon)
Armour
 d - a -2 pair of boots (worn)
Scrolls
 e - a scroll of noise {unknown}
 f - 2 scrolls of identify
 j - a scroll of random uselessness {unknown}
Potions
 h - a potion of magic
 l - 2 potions of poison {unknown}
 m - a potion of degeneration {unknown}
Books
 b - a book of Battle

   Spells                             Type                      Level
   a - Infusion                       Charms                       1
   b - Shroud of Golubria             Charms/Translocation         2
   c - Song of Slaying                Charms                       2
   d - Spectral Weapon                Hexes/Charms                 3
   e - Regeneration                   Charms/Necromancy            3
Comestibles
 c - a bread ration
 g - a meat ration
 i - a royal jelly
 k - 4 fruits


   Skills:
 - Level 2.1 Fighting
 + Level 2.7 Polearms
 - Level 1.3 Dodging
 + Level 2.6 Spellcasting
 - Level 2.6 Charms


You had 3 spell levels left.
You knew the following spells:

 Your Spells              Type           Power        Failure   Level  Hunger
a - Infusion              Chrm           #.....       12%         1    #......
b - Song of Slaying       Chrm           #.......     14%         2    ###....


You were on level 2 of the Dungeon.
You were not hungry.

You visited 1 branch of the dungeon, and saw 2 of its levels.

You collected 31 gold pieces.

.... # #... .#
#...###. #......
#..... ..###.#.##
....)....##
#####.§h5.# ##.@..#
.# ##.#.# ..# ###.#
#.####
#.########......
###......#......#.
.......####........#.
.#####.#.........#.#.
#...........#.#.
#...............

Notes
Turn   | Place    | Note
--------------------------------------------------------------
     0 | D:1      | ololoev the Draconian Skald began the quest for the Orb.
     0 | D:1      | Reached XP level 1. HP: 17/17 MP: 3/3
   575 | D:1      | Reached XP level 2. HP: 24/24 MP: 5/5
   579 | D:1      | Learned a level 2 spell: Song of Slaying
   980 | D:2      | Noticed Natasha
   995 | D:2      | Killed from afar by Natasha

Dungeon Overview and Level Annotations

Branches:
Dungeon (2/15)

Altars:

Annotations:
D:2 Natasha


Message History

Natasha stares at thin air and mumbles some strange words.
The crimson imp blinks!
You hit Natasha.
Natasha is moderately wounded.
The crimson imp blinks!
Natasha completely misses you.
You hit Natasha!
Your tail-slap misses Natasha.
Natasha is almost dead.
Your magical infusion is running out.
Natasha wildly gestures.
You feel troubled.
Natasha stares at you and mumbles some strange words.
The magic dart hits you!
The crimson imp hits you but does no damage.
You barely miss Natasha.
Natasha is almost dead.
The crimson imp hits you.
Natasha mumbles some strange words.
You feel disoriented. Natasha closely misses you.
You closely miss Natasha.
Natasha is almost dead.
The crimson imp hits you.
The crimson imp hits you but does no damage.
Natasha stares at you and mumbles some strange words.
The magic dart hits you!
You hit Natasha.
Natasha is almost dead.
The crimson imp hits you but does no damage.
The crimson imp closely misses you.
Natasha drinks a potion.
Natasha seems to grow stronger.
You barely miss Natasha.
Natasha is almost dead.
The crimson imp barely misses you.
The crimson imp blinks!
Natasha completely misses you.
You hit Natasha but do no damage.
Your tail-slap misses Natasha.
Natasha is almost dead.
The crimson imp hits you.
Natasha stares at you and mumbles some strange words.
The magic dart hits you!
You die...

You could see Natasha and a crimson imp.

Vanquished Creatures
  An adder (D:2)
  2 bats
  A goblin (D:1)
  2 hobgoblins (D:1)
  6 kobolds
  A giant newt (D:1)
  3 rats (D:1)
16 creatures vanquished.

Action                   || total
-------------------------++-------
Melee: Short sword       ||    25
       Spear             ||    34
 Cast: Infusion          ||     4
       Song of Slaying   ||     1
  Use: Scroll            ||     3
 Stab: Sleeping          ||     4

Vault maps used:
D:1:      erik_arrival_blinker_ship
D:2:      kennysheep_jessica_study, uniq_sigmund, uniq_natasha
